 Dungeon Crawl Stone Soup version 0.29-a0-96-g93358da72b (webtiles) character file.

Game seed: 17020111022701009992

7 cyrus the Caller (level 1, -1/13 HPs)
             Began as a Vampire Summoner on Feb 11, 2022.
             Was a Follower of Qazlal.
             Slain by a quokka (3 damage)
             ... on level 1 of the Dungeon.
             The game lasted 00:02:58 (311 turns).

cyrus the Caller (Vampire Summoner)                  Turns: 311, Time: 00:02:59

Health: -1/13      AC:  2    Str:  7    XL:     1   Next: 83%
Magic:  3/3        EV: 12    Int: 17    God:    Qazlal [*.....]
Gold:   8          SH:  1    Dex: 14    Spells: 3/4 levels left

rFire   . . .      SeeInvis +   e - +0 hand axe
rCold   . . .      Faith    .   (no shield)
rNeg    . . .      Spirit   .   a - +0 robe
rPois   .          Reflect  .   (no helmet)
rElec   .          Harm     .   (no cloak)
rCorr   .          Rampage  .   (no gloves)
Will    .....                   (no boots)
Stlth   ++........              (no amulet)
HPRegen 0.24/turn               (no ring)
MPRegen 0.08/turn               (no ring)

@: healing quickly
A: alive, fangs 3, see invisible, vampiric 1
a: Exsanguinate, Renounce Religion


You were on level 1 of the Dungeon.
You worshipped Qazlal.
Qazlal was aware of your devotion.
You visited 1 branch of the dungeon, and saw 1 of its levels.

You collected 8 gold pieces.

Inventory:

Hand Weapons
 d - a +0 dagger
 e - a +0 hand axe (weapon)
Armour
 a - a +0 robe (worn)
Scrolls
 b - a scroll of identify {unknown}
Potions
 c - a potion of heal wounds {unknown}


   Skills:
 + Level 2.2 Dodging
 + Level 3.0 Stealth
 + Level 2.1 Spellcasting
 + Level 4.2 Summonings


You had 3 spell levels left.
You knew the following spells:

 Your Spells              Type           Power      Damage    Failure   Level
a - Summon Small Mammal   Summ           64%        N/A       3%          1

Your spell library contained the following spells:

 Spells                   Type           Power      Damage    Failure   Level
 Call Imp                 Summ           16%        N/A       4%          2
 Call Canine Familiar     Summ           16%        N/A       10%         3
 Summon Guardian Golem    Hex/Summ       9%         N/A       24%         3
 Corpse Rot               Necr/Air       2%         N/A       28%         2
 Summon Lightning Spire   Summ/Air       9%         N/A       61%         4
 Dispel Undead            Necr           1%         3d6       88%         4
 Death Channel            Necr           0%         N/A       100%        6


Dungeon Overview and Level Annotations

Branches:
Dungeon (1/15)

Altars:
Qazlal


Innate Abilities, Weirdness & Mutations

Your natural rate of healing is accelerated.
You have razor-sharp teeth.
You have supernaturally acute eyesight. (SInv)
You are afflicted with vampirism.


Message History

e - a +0 hand axe
e - a +0 hand axe (weapon)
Found a mace.
Found a faded altar of an unknown god.
Your bat disappears in a puff of smoke!
A rat comes into view.
There is a faded altar of an unknown god here.
You see here a -1 mace.
You cannot tell which god this altar belongs to.
Convert to them anyway?
Qazlal accepts your prayer! Qazlal welcomes you!
Qazlal grants you and your divine allies immunity to clouds.
You are now surrounded by a storm.
Your quokka disappears in a puff of smoke!
Unknown command.
Press < or > to pray at altars.
Casting: Summon Small Mammal (safe; 3% risk of failure)
Confirm with . or Enter, or press ? or * to list all spells.
Casting: Summon Small Mammal (safe; 3% risk of failure)
Confirm with . or Enter, or press ? or * to list all spells.
Your quokka is engulfed in freezing vapours.
You kill your quokka!
Your quokka's corpse disappears in a puff of smoke!
The rat barely misses you.
You barely miss the rat. You bite the rat.
The rat is severely wounded.
The rat bites you but does no damage.
Your rat bites the rat.
The rat dies!
Qazlal accepts your kill.
You see here a rat corpse.
Okay, then.
Found a cloak.
Your rat disappears in a puff of smoke!
A quokka comes into view.
You barely miss the quokka. The quokka barely misses you. The quokka bites you.
You completely miss the quokka. The quokka bites you.
You barely miss the quokka. The quokka bites you.
* * * LOW HITPOINT WARNING * * *
The quokka barely misses you.
You closely miss the quokka. Your bite misses the quokka. The quokka bites you.
You die...

..
#....#.........#
......#.........#
.................#
..........#......#
#..........#
#.[........#
#..........#
#....○######
##...@.....#
#.....r.....#
#...........#
#...........#
#........##.##
####.....# ...
###.... #. #####.


You could see a quokka.

Vanquished Creatures
  2 bats (D:1)
  A giant cockroach (D:1)
  A hobgoblin (D:1)
  A ball python (D:1)
5 creatures vanquished.

Vanquished Creatures (collateral kills)
  A frilled lizard (D:1)
  A rat (D:1)
2 creatures vanquished.

Grand Total: 7 creatures vanquished

Notes
Turn   | Place    | Note
-------+----------+-------------------------------------------
     0 | D:1      | cyrus the Vampire Summoner began the quest for the Orb.
     0 | D:1      | Reached XP level 1. HP: 13/13 MP: 3/3
   261 | D:1      | Found a faded altar of an unknown god.
   274 | D:1      | Prayed at the altar of an unknown god.
   274 | D:1      | Became a worshipper of Qazlal Stormbringer
   274 | D:1      | Reached * piety under Qazlal
   311 | D:1      | Slain by a quokka

Illustrated notes

Levels and vault maps discovered:
D:1:      amcnicky_arrival_underground_garden, layout_basic,
          ebering_ecumenical_altar_rust, minmay_misc_feat_nine_boxes,
          nicolae_concentric_dashed_squares_wild

Action                   || total
-------------------------++-------
Melee: Unarmed           ||    13
       Hand axe          ||     5
       Bite              ||     3
       Dagger            ||     2
 Cast: Summon Small Mamm ||    11
Armor: Robe              ||    11
Dodge: Dodged            ||    19

Table legend: (Time is in decaauts)
 A = Elapsed time spent in this place.
 B = Non-inter-level travel time spent in this place.
 C = Inter-level travel time spent in this place.
 D = Time resting spent in this place.
 E = Time spent auto-exploring this place.
 F = Levels seen in this place.
 G = Mean time per level.
                   A        B        C        D        E       F      G
               +--------+--------+--------+--------+--------+-----+--------+
         Total |    311 |    311 |      0 |      0 |     91 |   1 |  311.0 |
       Dungeon |    311 |    311 |      0 |      0 |     91 |   1 |  311.0 |
               +--------+--------+--------+--------+--------+-----+--------+

Top non-repeatable levels by time:
     D:1: 311 daAuts
